 Dungeon Crawl Stone Soup version 0.30-a0-1163-gf69bf04e7a (webtiles) character file.

Game seed: 17832698985968984371

135 MrSquiggles the Twirler (level 4, -3/36 HPs)
             Began as a Draconian Gladiator on Apr 28, 2023.
             Slain by a goblin
             ... wielding a +0 dagger
             ... led by Robin
              (5 damage)
             ... on level 2 of the Dungeon.
             The game lasted 00:05:41 (1297 turns).

MrSquiggles the Twirler (Draconian Gladiator)       Turns: 1297, Time: 00:05:41

Health: -3/36      AC:  5    Str: 17    XL:     4   Next: 96%
Magic:  4/4        EV: 12    Int: 10    God:
Gold:   10         SH:  5    Dex: 12    Spells: 3/3 levels left

rFire   + . .        a - +0 quarterstaff
rCold   . . .        (shield currently unavailable)
rNeg    . . .        (body armour unavailable)
rPois   .            b - +0 hat
rElec   .            (no cloak)
rCorr   .            (no gloves)
SInv    .            (no boots)
Will    .....        m - amulet of reflection
Stlth   +            s - ring of protection from fire
HPRegen 0.26/turn    (no ring)
MPRegen 0.09/turn

%: reflection
@: mighty
A: AC +5, unfitting armour, cold-blooded
a: no special abilities


You were on level 2 of the Dungeon.
You visited 1 branch of the dungeon, and saw 2 of its levels.

You collected 52 gold pieces.
You spent 42 gold pieces at shops.

Inventory:

Hand Weapons
 a - a +0 quarterstaff (weapon)
Missiles
 c - 2 throwing nets
 d - a javelin
 e - 6 poisoned darts (quivered)
Armour
 b - a +0 hat (worn)
Jewellery
 m - an amulet of reflection (around neck)
 s - a ring of protection from fire (left hand)
Scrolls
 h - a scroll of silence {unknown}
 i - a scroll of immolation {unknown}
 l - a scroll of amnesia {unknown}
 n - 2 scrolls of fog {unknown}
 o - a scroll of fear {unknown}
 p - a scroll of poison {unknown}
 q - a scroll of noise
Potions
 f - a potion of ambrosia
 g - 2 potions of curing {unknown}
 j - 2 potions of mutation {unknown}
 k - a potion of invisibility {unknown}
 r - a potion of lignification {unknown}
 t - a potion of flight {unknown}


   Skills:
 - Level 2.1 Fighting
 * Level 5.7 Staves
 - Level 1.7 Throwing
 - Level 2.6 Dodging


You had 3 spell levels left.
You didn't know any spells.
Your spell library was empty.

Dungeon Overview and Level Annotations

Branches:
Dungeon (2/15)

Altars:
Wu Jian

Shops:
D:1 ?

Annotations:
D:2 Robin


Innate Abilities, Weirdness & Mutations

Your plain brown scales are hard. (AC +5)
You cannot fit into any form of body armour.
You are cold-blooded and may be slowed by cold attacks.


Message History

The adder poisons you! The adder barely misses you.
You hit the adder.
The adder is almost dead.
You feel sick. The adder bites you but does no damage.
You sock the adder!
You kill the adder!
You feel sick. The bat barely misses you. The goblin attacks as you move away!
You block the goblin's attack.
A goblin comes into view. It is wielding a +0 dagger.
You feel sick.
Robin roars a battlecry!
The goblin goes into a battle-frenzy!
The goblin shouts!
You hear a shout! x2
You closely miss Robin.
You feel sick.
You hear a shout! x2
Robin hits you with a +0 spear. The goblin hits you but does no damage.
A goblin comes into view. It is wielding a +0 club.
You hear a shout!
The goblin shouts!
You completely miss Robin. You tail-slap Robin, but do no damage.
You feel sick. Robin barely misses you. The goblin hits you with a +0 club.
You barely miss Robin.
You feel sick. Robin hits you with a +0 spear.
* * * LOW HITPOINT WARNING * * *
You block the goblin's attack.
You feel very mighty all of a sudden.
You feel sick.
Robin roars a battlecry!
The goblin goes into a battle-frenzy!
The goblin hits you with a +0 club.
* * * LOW HITPOINT WARNING * * *
The goblin shouts!
You closely miss Robin.
Your tail-slap misses Robin.
You feel sick.
You are no longer poisoned.
The goblin no longer looks unusually strong.
Robin throws the goblin at you! The goblin hits you but does no damage.
You block the goblin's attack.
You closely miss Robin. Robin barely misses you.
The goblin hits you with a +0 club.
* * * LOW HITPOINT WARNING * * *
The goblin hits you with a +0 dagger.
You die...

...# ...##.# # #
#..##.# #.#$#gg##.#
#S.)#..##g#
#K.....##.#....#
#..##g#....#
#..##g#....#
.#####..##@#....#
........gKgg#....#
.........####....#
.........<..#....#
##.......##.#....####
#..................#
.
#.....#.##.........#
..
#.....#.##.........#
..
#.....#.##.........#


You could see Robin, 5 goblins and a kobold.

Vanquished Creatures
  Natasha (thrice) (D:2)
  3 adders (D:2)
  6 ball pythons
  2 bats
  4 endoplasms
  3 goblins
  3 hobgoblins
  3 jackals (D:1)
  2 quokkas (D:2)
  4 frilled lizards
  3 kobolds
  4 rats (D:1)
40 creatures vanquished.

Notes
Turn   | Place    | Note
-------+----------+-------------------------------------------
     0 | D:1      | MrSquiggles the Draconian Gladiator began the quest for the
                  | Orb.
     0 | D:1      | Reached XP level 1. HP: 17/17 MP: 1/1
   350 | D:1      | Reached XP level 2. HP: 24/24 MP: 2/2
   391 | D:1      | Found Naapuggae's Magic Scroll Boutique.
   428 | D:1      | Bought a scroll of identify for 28 gold pieces
   717 | D:1      | Reached skill level 4 in Staves
   785 | D:1      | Bought a scroll of noise for 14 gold pieces
   821 | D:2      | Noticed Natasha
   863 | D:2      | Killed Natasha
   864 | D:2      | Reached XP level 3. HP: 29/29 MP: 3/3
   893 | D:2      | Noticed Natasha
   904 | D:2      | Killed Natasha
   905 | D:2      | Reached XP level 4. HP: 26/36 MP: 4/4
   915 | D:2      | Identified the +0 ring mail "Modd" {+Blink rElec Will-
                  | SInv}
   922 | D:2      | Reached skill level 5 in Staves
  1002 | D:2      | Found an ornate altar of the Wu Jian Council.
  1113 | D:2      | Noticed Natasha
  1120 | D:2      | Killed Natasha
  1284 | D:2      | Noticed Robin
  1297 | D:2      | Slain by a goblin

Illustrated notes

Levels and vault maps discovered:
D:1:      erik_arrival_triangle_medium, layout_basic, serial_shops, shop
D:2:      layout_basic, basic_altar, minmay_split_cup_large, uniq_natasha,
          uniq_robin, uniq_jessica

Skill      XL: |  1  2  3  4 |
---------------+-------------+-----
Staves         | 4 5 |  5.7
Fighting       | |  2.1
Throwing       | |  1.7
Dodging        | |  2.6

Action                     |  1- 3 |  4- 6 || total
---------------------------+-------+-------++-------
  Melee: Quarterstaff      |    47 |    53 ||   100
         Tailslap          |     4 |     2 ||     6
  Throw: Dart              |     3 |     4 ||     7
         Throwing net      |     2 |       ||     2
    Use: Scroll            |     1 |       ||     1
         Potion            |       |     1 ||     1
   Stab: Sleeping          |       |     1 ||     1
 Armour: Skin              |    12 |    16 ||    28
  Dodge: Dodged            |    25 |    33 ||    58
  Block: Other             |     7 |    14 ||    21

Table legend: (Time is in decaauts)
 A = Elapsed time spent in this place.
 B = Non-inter-level travel time spent in this place.
 C = Inter-level travel time spent in this place.
 D = Time resting spent in this place.
 E = Time spent auto-exploring this place.
 F = Levels seen in this place.
 G = Mean time per level.
                   A        B        C        D        E       F      G
               +--------+--------+--------+--------+--------+-----+--------+
         Total |   1331 |   1286 |     45 |    136 |    661 |   2 |  665.5 |
       Dungeon |   1331 |   1286 |     45 |    136 |    661 |   2 |  665.5 |
               +--------+--------+--------+--------+--------+-----+--------+

Top non-repeatable levels by time:
     D:1: 836 daAuts
     D:2: 495 daAuts
